 Dungeon Crawl Stone Soup version 0.26-a0-712-ga5a9c9c9d0 (webtiles) character file.

Game seed: 859597245138556334

68 kae the Insei (level 4, -2/28 HPs)
             Began as an Octopode Transmuter on Nov 10, 2020.
             Slain by Grinder (11 damage)
             ... while paralysed by Grinder
             ... on level 3 of the Dungeon.
             The game lasted 00:00:55 (2263 turns).

kae the Insei (Octopode Transmuter)                 Turns: 2263, Time: 00:00:55

Health: -2/28      AC:  2    Str: 10    XL:     4   Next: 19%
Magic:  1/7        EV:  5    Int: 15    God:
Gold:   138        SH:  0    Dex: 17    Spells: 3/7 levels left

rFire    . . .     SeeInvis .     - Unarmed
rCold    . . .     Faith    .   (shield currently unavailable)
rNeg     . . .     Spirit   .   (helmet currently unavailable)
rPois    x         Reflect  .   (no amulet)
rElec    .         Harm     .   (no ring)
rCorr    .         Rampage  .   (no ring)
MR       .....                  (no ring)
Stlth    ++........             (no ring)
HPRegen  0.09/turn              (no ring)
MPRegen  0.10/turn              (no ring)
                                (no ring)
                                (no ring)

@: paralysed, spider-form (expiring), very slightly contaminated
A: tiny, almost no armour, stealthy swim, (amphibious), 8 rings, (constrict 8)
a: End Transformation


You were on level 3 of the Dungeon.
You were a venomous arachnid creature.
You visited 1 branch of the dungeon, and saw 3 of its levels.

You collected 138 gold pieces.

Inventory:

Jewellery
 d - an uncursed amulet of guardian spirit {unknown}
 k - a +4 ring of protection {unknown}
Scrolls
 a - a scroll of magic mapping {unknown}
 c - a scroll of teleportation {unknown}
 f - a scroll of blinking {unknown}
 g - 2 scrolls of remove curse {unknown}
 h - a scroll of enchant armour {unknown}
 i - a scroll of immolation {unknown}
 j - 3 scrolls of identify {unknown}
 l - a scroll of fear {unknown}
 m - a scroll of amnesia {unknown}
Potions
 b - 3 potions of flight {unknown}
 e - a potion of stabbing {unknown}


   Skills:
 + Level 1.5 Fighting
 + Level 2.4 Dodging
 * Level 3.7 Unarmed Combat
 + Level 2.4 Spellcasting
 * Level 2.7 Transmutations


You had 3 spell levels left.
You knew the following spells:

 Your Spells              Type           Power        Failure   Level
a - Beastly Appendage     Tmut           ##....       19%         1
b - Spider Form           Tmut/Pois      #.........   58%         3

Your spell library contained the following spells:

 Spells                   Type           Power        Failure   Level
 Wereblood                Tmut           ##......     26%         2
 Ice Form                 Ice/Tmut       #.......     90%         4
 Blade Hands              Tmut           ##........   96%         5


Dungeon Overview and Level Annotations

Branches:
Dungeon (3/15)

Altars:

Annotations:
D:3 Grinder


Innate Abilities, Weirdness & Mutations

You cannot wear most types of armour.
You are very stealthy in the water. (Stealth+)
((You are amphibious.))
You can wear up to eight rings at the same time.
((You can use your tentacles to constrict eight enemies at once.))
((Your skin changes colour to match your surroundings (Stealth+).))
((Your rubbery body absorbs attacks. (AC +1, EV +1)))


Message History

You are very lightly contaminated with residual magic.
Multicoloured lights dance before your eyes.
Casting: Spider Form (extremely dangerous; 36% risk of failure)
Confirm with . or Enter, or press ? or * to list all spells.
The spell is extremely dangerous to cast (36% risk of failure)!
Continue anyway? [Y]es or [N]o only, please.
The spell is extremely dangerous to cast (36% risk of failure)!
Continue anyway?
Your tentacle spike disappears.
You turn into a venomous arachnid creature.
Your transformation is almost over.
You barely miss Grinder. Grinder gestures at you.
You suddenly lose the ability to move!
Grinder hits you!
You writhe in agony.
Grinder gestures at you. Pain shoots through your body!
* * * LOW HITPOINT WARNING * * *
Grinder completely misses you. Grinder hits you!
You die...

# # ##### .. #.
#...#
#.#.##.#.#+###.
#....†.#.......
#.....s#.....
#....†5#...
#.#+##.#.#
#......#
#.##..<# .5
##### ..K .. .


You could see Grinder.

Vanquished Creatures
  4 adders (D:2)
  3 dart slugs
  8 bats
  A giant cockroach (D:1)
  A goblin (D:3)
  A hobgoblin (D:1)
  5 jackals
  3 kobolds
  3 rats
29 creatures vanquished.

Notes
Turn   | Place    | Note
-------+----------+-------------------------------------------
     0 | D:1      | kae the Octopode Transmuter began the quest for the Orb.
     0 | D:1      | Reached XP level 1. HP: 13/13 MP: 3/3
   204 | D:1      | Reached XP level 2. HP: 15/18 MP: 3/5
  1061 | D:2      | Reached XP level 3. HP: 20/23 MP: 4/6
  1207 | D:1      | Learned a level 3 spell: Spider Form
  1787 | D:2      | Found a faded altar of an unknown god.
  1969 | D:2      | Reached XP level 4. HP: 28/28 MP: 5/7
  2250 | D:3      | Noticed Grinder
  2259 | D:3      | Paralysed by Grinder for 6 turns
  2263 | D:3      | Slain by Grinder

Illustrated notes

Levels and vault maps discovered:
D:1:      doesnt_arrival_eight_statues, layout_loops_ring,
          hangedman_decor_opposing, roderic_lattice_a
D:2:      layout_basic, chequers_ecumenical_altar_lobes, corexii_hall_statues_l
D:3:      layout_basic, uniq_terence, uniq_jessica, uniq_grinder

Action                   |  1- 3 |  4- 6 || total
-------------------------+-------+-------++-------
Melee: Unarmed           |    69 |    11 ||    80
       Constrict         |    21 |     1 ||    22
       Tentacles         |     8 |       ||     8
       Kick              |     4 |     2 ||     6
       Punch             |     1 |       ||     1
 Cast: Beastly Appendage |     9 |     1 ||    10
       Spider Form       |     1 |     1 ||     2
 Stab: Sleeping          |     5 |       ||     5
Armor: Skin              |    12 |     3 ||    15
Dodge: Dodged            |    58 |     7 ||    65

Table legend: (Time is in decaauts)
 A = Elapsed time spent in this place.
 B = Non-inter-level travel time spent in this place.
 C = Inter-level travel time spent in this place.
 D = Time resting spent in this place.
 E = Time spent auto-exploring this place.
 F = Levels seen in this place.
 G = Mean time per level.
                   A        B        C        D        E       F      G
               +--------+--------+--------+--------+--------+-----+--------+
         Total |   2258 |   2180 |     78 |    150 |   1830 |   3 |  752.7 |
       Dungeon |   2258 |   2180 |     78 |    150 |   1830 |   3 |  752.7 |
               +--------+--------+--------+--------+--------+-----+--------+

Top non-repeatable levels by time:
     D:1: 1163 daAuts
     D:2: 1078 daAuts
     D:3: 16 daAuts
